 Dungeon Sprint DCSS version 0.30-a0-29-g142975f185 (webtiles) character file.

Game seed: 169877531038649937

922 enile the Fighter (level 8, -2/72 HPs)
             Began as a Djinni Wanderer on Aug 27, 2022.
             Was a Follower of Uskayaw.
             Slain by a catoblepas (20 damage)
             ... in the Dungeon (Sprint IX: "|||||||||||||||||||||||||||||").
             The game lasted 00:07:23 (1182 turns).

enile the Fighter (Djinni Wanderer)                 Turns: 1182, Time: 00:07:24

Health: -2/72      AC: 10    Str:  9    XL:     8   Next: 31%
Gold:   0          EV: 10    Int: 15    God:    Uskayaw [*.....] SH:  0 Dex: 19

rFire   + + .      SeeInvis .    n - +4 quarterstaff (speed)
rCold   x . .      Faith    .    (shield currently unavailable)
rNeg    . . .      Spirit   .    s - +1 scale mail
rPois   ∞          Reflect  .    (no helmet)
rElec   .          Harm     .    (no cloak)
rCorr   .          Rampage  .    c - +0 pair of gloves
Will    .....      NoTele   +    (boots unavailable)
Stlth   +.........               (no amulet)
HPRegen 0.22/turn                r - +2 ring of protection
MPRegen 0.00/turn                q - +3 ring of intelligence

@: flying
A: sickness immunity, fire resistance 2, cold vulnerability 1, float, innate
caster, HP casting, extra vitality 1
a: Renounce Religion, Stomp


You were in the Dungeon.
You worshipped Uskayaw.
Uskayaw was noncommittal.
You visited 1 branch

Inventory:

Hand Weapons
 a - a +0 shortbow
 b - a +0 quarterstaff
 k - a +1 broad axe of flaming
 l - a +2 halberd of venom
 m - a +2 vorpal morningstar
 n - a +4 quarterstaff of speed (weapon)
 o - a +2 rapier of draining
 p - a +2 scimitar of holy wrath
Armour
 c - a +0 pair of gloves (worn)
 e - a +0 robe
 s - a +1 scale mail (worn)
Jewellery
 q - a +3 ring of intelligence (right hand)
 r - a +2 ring of protection (left hand)
Wands
 j - a wand of roots (5)
Potions
 f - 4 potions of curing


   Skills:
 - Level 12.0 Fighting
 - Level 1.0 Staves
 - Level 2.4 Ranged Weapons
 - Level 1.0 Throwing
 - Level 3.0 Armour
 - Level 6.0 Dodging
 - Level 3.0 Stealth
 - Level 6.0 Spellcasting
 + Level 4.7 Invocations
 - Level 5.0 Evocations


You had 13 spell levels left.
You knew the following spells:

 Your Spells              Type           Power      Damage    Failure   Level
a - Necrotise             Necr           88%        1d8       10%         1
b - Blink                 Tloc           44%        N/A       14%         2
c - Inner Flame           Hex/Fire       22%        N/A       28%         3
Your spell library was empty.

Dungeon Overview and Level Annotations

Branches:
Dungeon (1/1)

Altars:
Cheibriados
Dithmenos
Elyvilon
Fedhas
Gozag
Hepliaklqana
Makhleb
Nemelex Xobeh
Okawaru
Qazlal
Ru
Trog
Uskayaw
Wu Jian
Xom
Yredelemnul
Zin
The Shining One
Jiyva
Lugonu


Innate Abilities, Weirdness & Mutations

You are immune to sickness and miasma.
You are immune to poison.
Your flesh is very heat resistant. (rF++)
You are vulnerable to cold. (rC-)
You float through the air rather than walking.
You learn spells naturally, not from books.
Your magical power is your life essence.
You have superior vitality. (+4 MHP)


Message History

The catoblepas bellows!
There are monsters nearby!
There are monsters nearby!
Casting: Inner Flame (dangerous; 28% risk of failure)
Confirm with . or Enter, or press ? or * to list all spells.
Okay, then.
Okay, then.
Okay, then.
You aren't carrying any scrolls.
Unknown command.
Okay, then.
Okay, then.
The seven-headed hydra roars!
The cyclops shouts!
You sock the catoblepas!
The catoblepas is lightly wounded.
The catoblepas gores you!
Okay, then.
You barely miss the catoblepas.
The catoblepas is lightly wounded.
The catoblepas gores you!
You hit the catoblepas.
The catoblepas is lightly wounded.
The catoblepas gores you.
You hit the catoblepas but do no damage.
The catoblepas is lightly wounded.
The catoblepas gores you.
You hit the catoblepas but do no damage.
The catoblepas is lightly wounded.
The catoblepas gores you but does no damage.
You sock the catoblepas!
The catoblepas is moderately wounded.
You hit the catoblepas but do no damage.
The catoblepas is moderately wounded.
The catoblepas gores you but does no damage.
You hit the catoblepas but do no damage.
The catoblepas is moderately wounded.
The catoblepas gores you!!
* * * LOW HITPOINT WARNING * * *
You feel better. The catoblepas gores you!!
You die... ▓▓▓▓▓▓▓▓▓▓▓▓▓▓▓▓▓▓▓▓▓▓▓▓ .DCCcCY@...).'...3[..?!' ▓▓▓▓▓▓▓▓▓▓▓▓▓▓▓▓▓▓▓▓▓▓▓▓

You could see a catoblepas, a seven-headed hydra, a centaur warrior and 3 cyclopes.

Vanquished Creatures
  A kobold demonologist (D)
  A yak (D)
  An acid dragon (D)
  An orc warrior (D)
  A black bear (D)
  2 ogres (D)
  A gnoll sergeant (D)
  An ufetubus (D)
  An orc (D)
  An endoplasm (D)
  A quokka (D)
  3 bats (D)
15 creatures vanquished.

Vanquished Creatures (others)
  A kobold brigand (D)
1 creature vanquished.

Grand Total: 16 creatures vanquished

Notes
Turn   | Place    | Note
-------+----------+-------------------------------------------
     0 | D        | enile the Djinni Wanderer began the quest for the Orb.
     0 | D        | enile set off with the following items: a +0 shortbow, a +0
                  | quarterstaff, a +0 pair of gloves, a scroll of fear, a +0
                  | robe, a potion of curing, a potion of heal wounds, a potion
                  | of haste, a potion of berserk rage, a scroll of blinking.
     0 | D        | Reached XP level 1. HP: 18/18 MP: 0/0
     9 | D        | Reached skill level 3 in Fighting
    10 | D        | Reached skill level 1 in Spellcasting
   133 | D        | Noticed a black bear
   133 | D        | Noticed an ogre
   133 | D        | Noticed an ogre
   153 | D        | Reached XP level 2. HP: 26/26 MP: 0/0
   156 | D        | Killed an ogre
   157 | D        | Reached skill level 6 in Fighting
   157 | D        | Reached skill level 5 in Dodging
   157 | D        | Reached XP level 3. HP: 34/34 MP: 0/0
   157 | D        | Learned a level 1 spell: Necrotise
   157 | D        | Reached XP level 4. HP: 40/40 MP: 0/0
   179 | D        | Killed an ogre
   180 | D        | Reached XP level 5. HP: 39/45 MP: 0/0
   180 | D        | Learned a level 2 spell: Blink
   196 | D        | Killed a black bear
   197 | D        | Reached skill level 7 in Fighting
   197 | D        | Reached XP level 6. HP: 5/54 MP: 0/0
   480 | D        | Found a snail-covered altar of Cheibriados.
   480 | D        | Found a shadowy altar of Dithmenos.
   480 | D        | Found a white marble altar of Elyvilon.
   480 | D        | Found a blossoming altar of Fedhas.
   480 | D        | Found an opulent altar of Gozag.
   481 | D        | Found a hazy altar of Hepliaklqana.
   482 | D        | Found a viscous altar of Jiyva.
   484 | D        | Found a corrupted altar of Lugonu.
   485 | D        | Found a burning altar of Makhleb.
   486 | D        | Found a sparkling altar of Nemelex Xobeh.
   487 | D        | Found an iron altar of Okawaru.
   488 | D        | Found a stormy altar of Qazlal.
   489 | D        | Found a sacrificial altar of Ru.
   491 | D        | Found a bloodstained altar of Trog.
   492 | D        | Found a hide-covered altar of Uskayaw.
   494 | D        | Found an ornate altar of the Wu Jian Council.
   495 | D        | Found a shimmering altar of Xom.
   496 | D        | Found a basalt altar of Yredelemnul.
   497 | D        | Found a glowing silver altar of Zin.
   498 | D        | Found a glowing golden altar of the Shining One.
   522 | D        | Became a worshipper of Uskayaw the Reveller
   549 | D        | Noticed a yak
   549 | D        | Noticed an orc warrior
   549 | D        | Noticed an acid dragon
   549 | D        | Noticed a kobold demonologist
   569 | D        | Noticed a hellwing
   617 | D        | Noticed an ice devil
   624 | D        | Reached * piety under Uskayaw
   627 | D        | Reached ** piety under Uskayaw
   639 | D        | Reached *** piety under Uskayaw
   640 | D        | Killed an orc warrior
   641 | D        | Reached skill level 9 in Fighting
   641 | D        | Reached XP level 7. HP: 47/61 MP: 0/0
   641 | D        | Learned a level 3 spell: Inner Flame
   642 | D        | Reached **** piety under Uskayaw
   646 | D        | Reached ***** piety under Uskayaw
   648 | D        | Killed a yak
   649 | D        | Reached skill level 10 in Fighting
   908 | D        | Killed an acid dragon
   909 | D        | Reached skill level 5 in Evocations
   909 | D        | Reached skill level 11 in Fighting
   911 | D        | Noticed a soul eater
   941 | D        | Killed a kobold demonologist
   942 | D        | Reached skill level 12 in Fighting
   942 | D        | Reached XP level 8. HP: 21/72 MP: 0/0
  1173 | D        | Noticed a seven-headed hydra
  1173 | D        | Noticed a cyclops
  1173 | D        | Noticed a cyclops
  1173 | D        | Noticed a centaur warrior
  1173 | D        | Noticed a cyclops
  1173 | D        | Noticed a catoblepas
  1182 | D        | Slain by a catoblepas

Illustrated notes

Levels and vault maps discovered:
D:        linesprint [early_d, line_temple, items_1, d_10, items_2, lair_1,
          lair_end, items_3, orc_1, orc_end, items_4, d_15, swamp_1, shoals_1,
          snake_1, spider_1, d_20, vaults_1, items_5, swamp_end, shoals_end,
          snake_end, spider_end, vaults_end, d_27, items_6, zot_1, zot_end,
          crypt_end, forest_end, elf_end, slime_end, tomb_end, abyss_end,
          pan_hell_end]

Skill      XL: |  1  2  3  4  5  6  7 |
---------------+----------------------+-----
Fighting       | 3 6 7 9 12 | 12.0
Spellcasting   | 2 4 6 |  6.0
Dodging        | 5 6 |  6.0
Stealth        | 3 |  3.0
Armour         | 3 |  3.0
Evocations     | 5 |  5.0
Invocations    | 4 |  4.7
Staves         | |  1.0
Ranged Weapons | |  2.4
Throwing       | |  1.0

Action                   |  1- 3 |  4- 6 |  7- 9 || total
-------------------------+-------+-------+-------++-------
Melee: Quarterstaff      |    31 |    11 |     8 ||    50
 Cast: Necrotise         |       |    19 |    10 ||    29
       Blink             |       |     5 |       ||     5
       Inner Flame       |       |       |     4 ||     4
Invok: Line Pass         |       |     1 |       ||     1
Evoke: Wand              |       |     1 |     4 ||     5
  Use: Potion            |     1 |     5 |     1 ||     7
       Scroll            |       |     3 |       ||     3
 Stab: Sleeping          |     1 |       |       ||     1
Armor: Robe              |    13 |     1 |       ||    14
       Scale mail        |       |     2 |     4 ||     6
Dodge: Dodged            |    45 |    23 |     5 ||    73

Table legend: (Time is in decaauts)
 A = Elapsed time spent in this place.
 B = Non-inter-level travel time spent in this place.
 C = Inter-level travel time spent in this place.
 D = Time resting spent in this place.
 E = Time spent auto-exploring this place.
 F = Levels seen in this place.
 G = Mean time per level.
                   A        B        C        D        E       F      G
               +--------+--------+--------+--------+--------+-----+--------+
         Total |   1171 |   1171 |      0 |    424 |    423 |   1 | 1171.0 |
       Dungeon |   1171 |   1171 |      0 |    424 |    423 |   1 | 1171.0 |
               +--------+--------+--------+--------+--------+-----+--------+

Top non-repeatable levels by time:
       D: 1171 daAuts
